AoeStats
← beneath mariana

Nomad

510346170Analyzed
4v4 RM · 5h ago on Sep 30, 2026· 48m 26s· 8 players
Game mode
Random Map
Map size
231×231
Population
200
Speed
Normal
Resources
Standard
Victory
Conquest
Starting age
Dark Age
Ending age
Imperial Age
RankedLock teamsTeams togetherTeam positionsShared explorationLock speedFull tech treeHidden civsTurbo modeCheats
Victory
Defeat
🇵🇪 Mongols · Peru
1453
+18
🇪🇸 Italians · Spain
1448
+18
🇦🇺 Sicilians · Australia
1434
+19
🇩🇪 Jurchens · Germany
1430
+19
🇨🇳 Berbers · China
1533
-21
🇨🇳 Spanish · China
1519
-19
🇨🇳 Varangians · China
1480
-18
🇮🇳 Armenians · India
1436
-16
beneath mariana
4:40 Loom
16:05 Feudal Age
16:35 Double-Bit Axe
17:00 Fishing Lines
17:44 Town Watch
20:45 Castle Age
18:57 Fletching
19:32 Stone Mining
19:33 Gold Mining
20:24 Horse Collar
21:51 Bow Saw
21:57 Medium Warships
22:35 Forging
22:42 Gillnets
23:59 Wheelbarrow
24:47 Stone Shaft Mining
25:28 Bodkin Arrow
28:00 Ballistics
28:31 Careening
28:35 Clinker Construction
29:54 Hand Cart
31:00 Iron Casting
34:28 Scale Barding Armor
34:50 Bloodlines
37:45 Imperial Age
38:14 Husbandry
38:49 Conscription
38:57 Bracer
40:01 Chain Barding Armor
41:05 Elite Jarl
43:45 Blast Furnace
45:02 Two-Man Saw
44:45 Plate Barding Armor
44:45 Heavy Scorpion
46:06 Heavy Warships
47:46 Capped Ram
很蓝的啦
4:59 Loom
13:55 Feudal Age
14:46 Double-Bit Axe
14:48 Town Watch
15:15 Gold Mining
15:32 Town Watch
15:31 Horse Collar
16:05 Fishing Lines
21:55 Castle Age
21:23 Wheelbarrow
21:02 Fletching
21:45 Padded Archer Armor
22:41 Bodkin Arrow
23:12 Medium Warships
25:19 Leather Archer Armor
25:56 Bow Saw
26:30 Bloodlines
26:19 Stone Mining
31:41 Scale Barding Armor
35:19 Kasbah
35:31 Thumb Ring
37:00 Chain Barding Armor
38:08 Husbandry
38:24 Forging
42:27 Light Cavalry
44:01 Hand Cart
43:46 Town Patrol
46:09 Iron Casting
48:24 Imperial Age
46:52 Stone Shaft Mining
46:52 Gold Shaft Mining
46:55 Stone Shaft Mining
45:51 Man-at-Arms
46:51 Elite Skirmisher
47:04 Pikeman
47:05 Long Swordsman
47:46 Squires
Hash-
7:37 Loom
19:13 Feudal Age
24:26 Castle Age
37:47 Double-Bit Axe
40:47 Fishing Lines
42:03 Bow Saw
41:48 Gillnets
47:26 Horse Collar
Vishu
15:24 Feudal Age
16:16 Double-Bit Axe
17:06 Loom
17:37 Fletching
21:35 Castle Age
24:23 Medium Warships
23:54 Fishing Lines
25:17 Town Watch
27:03 Wheelbarrow
27:42 Scale Mail Armor
27:38 Bodkin Arrow
30:41 Imperial Age
28:30 Bow Saw
28:14 Gold Mining
30:57 Bodkin Arrow
32:03 Padded Archer Armor
32:06 Bracer
34:11 Ballistics
37:59 Crossbowman
42:53 Padded Archer Armor
42:22 Arbalester
45:58 Man-at-Arms
46:51 Forging
46:49 Treadmill Crane
47:20 Masonry
48:28 Chain Mail Armor
48:46 Hand Cart
PTL_Keckerz
4:49 Loom
12:25 Feudal Age
12:58 Town Watch
20:27 Scale Mail Armor
24:09 Castle Age
22:39 Fishing Lines
23:19 Forging
24:13 Fletching
24:26 Gold Mining
24:50 Double-Bit Axe
24:46 Horse Collar
25:46 Bow Saw
30:05 Stone Mining
31:46 Chain Mail Armor
35:39 First Crusade
35:25 Bodkin Arrow
37:59 Wheelbarrow
38:50 Masonry
38:42 Padded Archer Armor
40:04 Medium Warships
41:33 Heavy Plow
42:38 Iron Casting
43:00 Gillnets
47:04 Imperial Age
46:31 Leather Archer Armor
47:11 Elite Serjeant
48:12 Bracer
vladtepes
12:14 Feudal Age
16:10 Castle Age
14:54 Gold Mining
15:16 Double-Bit Axe
17:08 Bow Saw
22:15 Horse Collar
23:38 Heavy Plow
24:51 Wheelbarrow
26:44 Town Watch
26:46 Loom
27:57 Siege Engineers
29:08 Hand Cart
33:41 Imperial Age
32:03 Gold Shaft Mining
32:18 Padded Archer Armor
33:44 Fletching
34:18 Ballistics
33:54 Heavy Rocket Cart
38:09 Stone Mining
38:25 Treadmill Crane
39:46 Chemistry
38:26 Capped Ram
42:22 Scale Barding Armor
42:27 Forging
42:33 Leather Archer Armor
42:41 Conscription
42:58 Thunderclap Bombs
42:19 Elite Iron Pagoda
43:15 Masonry
43:23 Murder Holes
44:32 Chain Barding Armor
46:19 Plate Barding Armor
46:09 Bodkin Arrow
47:45 Bracer
hcenemod
4:32 Loom
13:25 Feudal Age
15:17 Double-Bit Axe
20:42 Castle Age
21:24 Fletching
22:13 Medium Warships
22:11 Bodkin Arrow
24:29 Ballistics
35:06 Wheelbarrow
35:02 Bow Saw
37:41 Imperial Age
36:12 Hand Cart
36:36 Stone Mining
36:38 Gold Mining
36:53 Padded Archer Armor
37:52 Leather Archer Armor
38:47 Stone Shaft Mining
39:09 Conscription
38:40 Elite Genoese Crossbowman
39:24 Bracer
41:21 Ring Archer Armor
ELBO | Dseko
3:20 Loom
17:06 Feudal Age
17:59 Double-Bit Axe
21:30 Castle Age
20:58 Stone Mining
21:01 Gold Mining
23:36 Fletching
23:47 Padded Archer Armor
25:54 Bodkin Arrow
27:07 Ballistics
31:28 Leather Archer Armor
40:17 Wheelbarrow
45:18 Imperial Age
47:29 Bracer
Connection lost

Rejoining the realm…

Still unreachable

The connection could not be restored.

Session expired

The server has moved on; the page needs a fresh start.